Workbook

Sheet Sheet1
A2: Loan Name | B2: Balance | C2: Interest Rate | D2: Minimum Monthly Payment | E2: Time Pay in Months (at minimum payment) | F2: Proportion of Total Balance
A3: LOAN 1 | B3: 5000 | C3: 0.1 | D3: 200 | E3: =IFERROR(NPER((1+Sheet1!$C3/365)^(365/12)-1, -Sheet1!$D3, Sheet1!$B3), "") -> 28.165291 | F3: =IF(Sheet1!$B3="", "", Sheet1!$B3/$B$24) -> 0.094339623
A4: LOAN 2 | B4: 3000 | C4: 0.06 | D4: 120 | E4: =IFERROR(NPER((1+Sheet1!$C4/365)^(365/12)-1, -Sheet1!$D4, Sheet1!$B4), "") -> 26.777679 | F4: =IF(Sheet1!$B4="", "", Sheet1!$B4/$B$24) -> 0.056603774
A5: LOAN 3 | B5: 10000 | C5: 0.09 | D5: 240 | E5: =IFERROR(NPER((1+Sheet1!$C5/365)^(365/12)-1, -Sheet1!$D5, Sheet1!$B5), "") -> 50.18581 | F5: =IF(Sheet1!$B5="", "", Sheet1!$B5/$B$24) -> 0.18867925
A6: LOAN 4 | B6: 20000 | C6: 0.11 | D6: 350 | E6: =IFERROR(NPER((1+Sheet1!$C6/365)^(365/12)-1, -Sheet1!$D6, Sheet1!$B6), "") -> 81.485643 | F6: =IF(Sheet1!$B6="", "", Sheet1!$B6/$B$24) -> 0.37735849
A7: LOAN 5 | B7: 15000 | C7: 0.04 | D7: 300 | E7: =IFERROR(NPER((1+Sheet1!$C7/365)^(365/12)-1, -Sheet1!$D7, Sheet1!$B7), "") -> 54.796298 | F7: =IF(Sheet1!$B7="", "", Sheet1!$B7/$B$24) -> 0.28301887
E8: =IFERROR(NPER((1+Sheet1!$C8/365)^(365/12)-1, -Sheet1!$D8, Sheet1!$B8), "") | F8: =IF(Sheet1!$B8="", "", Sheet1!$B8/$B$24)
E9: =IFERROR(NPER((1+Sheet1!$C9/365)^(365/12)-1, -Sheet1!$D9, Sheet1!$B9), "") | F9: =IF(Sheet1!$B9="", "", Sheet1!$B9/$B$24)
E10: =IFERROR(NPER((1+Sheet1!$C10/365)^(365/12)-1, -Sheet1!$D10, Sheet1!$B10), "") | F10: =IF(Sheet1!$B10="", "", Sheet1!$B10/$B$24)
E11: =IFERROR(NPER((1+Sheet1!$C11/365)^(365/12)-1, -Sheet1!$D11, Sheet1!$B11), "") | F11: =IF(Sheet1!$B11="", "", Sheet1!$B11/$B$24)
F12: =IF(Sheet1!$B12="", "", Sheet1!$B12/$B$24)
E13: =IFERROR(NPER((1+Sheet1!$C13/365)^(365/12)-1, -Sheet1!$D13, Sheet1!$B13), "") | F13: =IF(Sheet1!$B13="", "", Sheet1!$B13/$B$24)
E14: =IFERROR(NPER((1+Sheet1!$C14/365)^(365/12)-1, -Sheet1!$D14, Sheet1!$B14), "") | F14: =IF(Sheet1!$B14="", "", Sheet1!$B14/$B$24)
E15: =IFERROR(NPER((1+Sheet1!$C15/365)^(365/12)-1, -Sheet1!$D15, Sheet1!$B15), "") | F15: =IF(Sheet1!$B15="", "", Sheet1!$B15/$B$24)
E16: =IFERROR(NPER((1+Sheet1!$C16/365)^(365/12)-1, -Sheet1!$D16, Sheet1!$B16), "") | F16: =IF(Sheet1!$B16="", "", Sheet1!$B16/$B$24)
E17: =IFERROR(NPER((1+Sheet1!$C17/365)^(365/12)-1, -Sheet1!$D17, Sheet1!$B17), "") | F17: =IF(Sheet1!$B17="", "", Sheet1!$B17/$B$24)
E18: =IFERROR(NPER((1+Sheet1!$C18/365)^(365/12)-1, -Sheet1!$D18, Sheet1!$B18), "") | F18: =IF(Sheet1!$B18="", "", Sheet1!$B18/$B$24)
E19: =IFERROR(NPER((1+Sheet1!$C19/365)^(365/12)-1, -Sheet1!$D19, Sheet1!$B19), "") | F19: =IF(Sheet1!$B19="", "", Sheet1!$B19/$B$24)
E20: =IFERROR(NPER((1+Sheet1!$C20/365)^(365/12)-1, -Sheet1!$D20, Sheet1!$B20), "") | F20: =IF(Sheet1!$B20="", "", Sheet1!$B20/$B$24)
E21: =IFERROR(NPER((1+Sheet1!$C21/365)^(365/12)-1, -Sheet1!$D21, Sheet1!$B21), "") | F21: =IF(Sheet1!$B21="", "", Sheet1!$B21/$B$24)
E22: =IFERROR(NPER((1+Sheet1!$C22/365)^(365/12)-1, -Sheet1!$D22, Sheet1!$B22), "") | F22: =IF(Sheet1!$B22="", "", Sheet1!$B22/$B$24)
B23: Total Balance | C23: Weighted Average Rate | D23: Total Monthly Minimum Payment | E23: Total Time to Repay (at minimum payment)
B24: =SUM(Table3[Balance]) -> 53000 | C24: =SUMPRODUCT(Table3[Interest Rate], F3:F22)/SUM(F3:F22) -> 0.082641509 | D24: =SUM(Table3[Minimum Monthly Payment]) -> 1210 | E24: =_xlfn.AGGREGATE(4, 6, Sheet1!$E$3:$E$22) -> 81.485643
